 Dungeon Crawl Stone Soup version 0.30-a0-857-gcaf70739d4 (webtiles) character file.

Game seed: 15311484218624293971

88469 avis the Marksdemigod (level 15, -8/121 HPs)
             Began as a Demigod Ice Elementalist on Mar 5, 2023.
             Mangled by a sixfirhy (12 damage)
             ... on level 2 of the Abyss.
             The game lasted 03:58:21 (30834 turns).

avis the Marksdemigod (Demigod Ice Elementalist)   Turns: 30834, Time: 03:58:21

Health: -8/121     AC: 19    Str: 13    XL:     15   Next: 6%
Magic:  15/25      EV: 23    Int: 23    God:
Gold:   476        SH:  5    Dex: 40    Spells: 13/22 levels left

rFire   . . .      SeeInvis +    b - +1 shortbow (heavy)
rCold   + . .      Faith    .    (shield currently unavailable)
rNeg    + . .      Spirit   .    t - +0 troll leather armour {Pargi}
rPois   +          Reflect  +    X - +1 helmet of Rarir {Str+2}
rElec   .          Rampage  +    A - +1 cloak
rCorr   .                        F - +0 pair of gloves
Will    .....                    q - +2 pair of boots {rampage}
Stlth   +++++                    E - amulet of reflection
HPRegen 1.20/turn                Q - ring of Suicidal Tendencies {Str+4 Int+6 Dex+6}
MPRegen 0.19/turn                T - ring of Qeshaj {rPois rC+ rN+ Will- SInv}

@: ice-armoured, flayed, freezing walls
A: high MP 1, forlorn, divine attributes, (teleportitis 1), weak 1
a: no special abilities


You were on level 2 of the Abyss.
You visited 5 branches of the dungeon, and saw 22 of its levels.
You visited the Abyss 1 time.
You also visited: Sewer and Bailey.

You collected 2856 gold pieces.
You spent 2380 gold pieces at shops.

Inventory:

Hand Weapons
 a - a +9 scimitar of chaos
 b - a +1 heavy shortbow (weapon)
 c - a +0 longbow
 u - a +1 trident of venom
 w - a +4 scimitar of flaming
Missiles
 U - 5 throwing nets
Armour
 q - a +2 pair of boots of rampaging (worn)
 t - a +0 troll leather armour (worn) {Pargi}
 A - a +1 cloak (worn)
 F - a +0 pair of gloves (worn)
 X - the +1 helmet of Rarir (worn) {Str+2}
   (You bought it in a shop on level 1 of the Orcish Mines)

   Str:       It affects your strength (+2).
Jewellery
 p - a ring of willpower
 v - the ring "Fuepyre" {rF+ rN+}
   (You found it on level 7 of the Dungeon)

   [ring of positive energy]

   rF:        It protects you from fire.
   rN:        It protects you from negative energy.
 B - a ring of ice
 E - an amulet of reflection (around neck)
 Q - the ring of Suicidal Tendencies (left hand) {Str+4 Int+6 Dex+6}
   (You bought it in a shop on level 1 of the Orcish Mines)

   [ring of dexterity]

   Str:       It affects your strength (+4).
   Int:       It affects your intelligence (+6).
   Dex:       It affects your dexterity (+6).
 T - the ring of Qeshaj (right hand) {rPois rC+ rN+ Will- SInv}
   (You bought it in a shop on level 7 of the Dungeon)

   [ring of positive energy]

   rC:        It protects you from cold.
   rPois:     It protects you from poison.
   rN:        It protects you from negative energy.
   SInv:      It lets you see invisible.
   Will:      It decreases your willpower.
Wands
 e - a wand of flame (7)
 x - a wand of iceblast (16)
 y - a wand of acid (4)
 C - a wand of charming (26)
Scrolls
 g - 3 scrolls of butterflies
 m - a scroll of poison
 r - 5 scrolls of magic mapping
 s - 7 scrolls of teleportation
 D - 4 scrolls of blinking
 H - 3 scrolls of fog
Potions
 d - 5 potions of curing
 h - a potion of cancellation
 i - 3 potions of resistance
 j - 3 potions of might
 k - 4 potions of magic
 l - a potion of berserk rage
 n - a potion of haste
 o - 2 potions of brilliance
 z - 8 potions of flight
 I - 5 potions of ambrosia
 J - 2 potions of invisibility


   Skills:
 - Level 8.0 Fighting
 - Level 10.0 Long Blades
 - Level 18.0 Ranged Weapons
 - Level 5.0 Armour
 * Level 7.9 Dodging
 - Level 7.0 Stealth
 - Level 4.0 Spellcasting
 - Level 8.0 Ice Magic


You had 13 spell levels left.
You knew the following spells:

 Your Spells              Type           Power      Damage    Failure   Level
a - Freeze                Ice            100%       1d10      1%          1
b - Blink                 Tloc           8%         N/A       19%         2
o - Ozocubu's Armour      Ice            41%        N/A       1%          3
r - Frozen Ramparts       Ice            82%        1d13      1%          3

Your spell library contained the following spells:

 Spells                   Type           Power      Damage    Failure   Level
 Foxfire                  Conj/Fire      16%        2x1d4     13%         1
 Summon Ice Beast         Ice/Summ       23%        N/A       24%         4
 Gell's Gravitas          Tloc           4%         N/A       36%         3
 Ignite Poison            Fire/Tmut/Pois 4%         N/A       36%         3
 Inner Flame              Hex/Fire       4%         N/A       36%         3
 Teleport Other           Tloc           4%         N/A       36%         3
 Cause Fear               Hex            2%         N/A       77%         4
 Leda's Liquefaction      Hex/Erth       2%         N/A       77%         4
 Manifold Assault         Tloc           4%         N/A       77%         4
 Sticky Flame             Conj/Fire      4%         2d3       77%         4
 Alistair's Intoxication  Tmut/Pois      2%         N/A       98%         5
 Borgnjor's Vile Clutch   Necr/Erth      2%         N/A       98%         5
 Fireball                 Conj/Fire      2%         3d4       98%         5
 Lee's Rapid Deconstruct  Erth           2%         3d4*      98%         5
 Dispersal                Tloc           2%         N/A       100%        6
 Eringya's Noxious Bog    Tmut/Pois      2%         N/A       100%        6
 Starburst                Conj/Fire      2%         6d3       100%        6
 Statue Form              Tmut/Erth      2%         N/A       100%        6
 Storm Form               Tmut/Air       2%         N/A       100%        7
 Discord                  Hex            2%         N/A       100%        8
 Ignition                 Fire           2%         3d3       100%        8


Dungeon Overview and Level Annotations

Branches:
Dungeon (13/15)            Temple (1/1) D:6            Lair (5/5) D:8
 Shoals (0/4) Lair:3       Spider (1/4) Lair:2        Slime (0/5) Lair:4
    Orc (2/2) D:12            Elf (0/3) Orc:2         Sewer (visited)
 Bailey (visited)
 Vaults: D:13-14

Shops:
D:2 ?   D:7 *[*?=[   D:9 *   Orc:1 [**:*   Orc:2 *([!*

Portals:
Abyss: D:7

Annotations:
D:13 Erolcha


Innate Abilities, Weirdness & Mutations

You have an increased reservoir of magic. (+10% MP)
You shall have no god before yourself.
Your divine heritage dramatically boosts your attributes as you level up.
((You are occasionally teleported next to monsters.))
You are weak. (Str -2)


Message History

The starcursed mass shudders and is absorbed by its neighbour.
The wall freezes the freezing wraith but does no damage.
The wall freezes the starcursed mass but does no damage. x2
The wall freezes the sixfirhy.
The wall freezes the starcursed mass but does no damage.
You feel the corruption within you wane completely.
Your magic regains its normal vibrancy.
You feel a little less angry.
You feel a little more calm.
Fire: b) +1 shortbow (heavy)
Press: ? - help, Q - select action, (/) - cycle Shift-Dir - straight line, f - small abomination
Aim: a small abomination (heavily damaged, 80% to hit)
You shoot an arrow. The arrow hits the small abomination!
The small abomination is almost destroyed.
The wall freezes the sixfirhy. x3
The wall freezes the sixfirhy but does no damage. x2
The sixfirhy misses you.
The flayed ghost stares at you with tortured malice.
Terrible wounds open up all over your body!
* * * LOW HITPOINT WARNING * * *
The wall freezes the small abomination.
The small abomination hits you but does no damage.
The freezing wraith completely resists.
The wall freezes the freezing wraith but does no damage.
The wall freezes the starcursed mass.
The wall freezes the starcursed mass but does no damage. x3
A chorus of shrieks assaults your mind.
* * * LOW HITPOINT WARNING * * *
The wall freezes the sixfirhy but does no damage.
The sixfirhy hits you.
* * * LOW HITPOINT WARNING * * *
The sixfirhy shocks you!
* * * LOW HITPOINT WARNING * * *
You feel better.
The wall freezes the sixfirhy but does no damage.
You block the sixfirhy's attack.
The wall freezes the sixfirhy.
The sixfirhy completely misses you.
The wall freezes the sixfirhy.
The sixfirhy hits you.
* * * LOW HITPOINT WARNING * * *
The sixfirhy shocks you!
You die...

. ..# . . ....
.##. #...# #..
. ≈ #....##≈≈ .
#. ..#.....##
..# .
.........####~~
........x......
......X@3W..# .
#.##.##X#X..#
.....X#....# .
.X........#
............#
## ####.#[..##
# ###........
#W#.#####
......


You could see 4 starcursed masses, a flayed ghost, a freezing wraith, a sixfirhy
and a small abomination.

Vanquished Creatures
  A tentacled starspawn (Abyss:2)
  A draconian knight (Abyss:2)
  A very ugly thing (Abyss:2)
  The ghost of fozzywoppz the Grappler, a journeyman GrFi of Jiyva (Lair:5)
  The ghost of Tuexibol the Grappler, a journeyman TrFi of Zin (Lair:1)
  3 hydras
  Erica (D:9)
  4 catoblepae (Lair:5)
  16 death yaks
  3 boulder beetles
  2 centaur warriors (D:13)
  A skyshark (Lair:3)
  A wretched star (Abyss:2)
  5 skeletal warriors
  A pharaoh ant (Lair:2)
  A glowing orange brain (Abyss:2)
  The ghost of octoduck the Carver, a novice MfMo of Fedhas (D:7)
  A spectral hydra (Lair:1)
  A steelbarb worm (Spider:1)
  Pikel (D:9)
  7 orc knights
  An orc sorcerer (Orc:2)
  An ugly thing (D:12)
  An oklob plant (Lair:3)
  4 wolf spiders (Spider:1)
  5 manticores
  An elephant (D:8)
  Joseph (D:8)
  2 cyclopes (D:11)
  2 black mambas
  The ghost of hgbash the Chiller, a novice DEIE of Vehumet (D:5)
  A demonic crawler (Spider:1)
  A gargoyle (D:13)
  Psyche (D:8)
  2 unseen horrors
  15 cane toads
  6 komodo dragons
  2 rime drakes
  A torpor snail (Spider:1)
  An ancient zyme (D:7)
  A red devil (D:7)
  2 polar bears
  4 tarantellas (Spider:1)
  6 trolls
  21 dream sheep
  A hornet (D:10)
  A snapping turtle (Lair:3)
  5 blink frogs
  A large abomination (Abyss:2)
  7 slime creatures
  A shadow (D:13)
  3 jumping spiders
  4 culicivoras (Spider:1)
  4 wyverns
  3 water elementals
  3 fire elementals (Abyss:2)
  A steam dragon (D:10)
  65 yaks
  7 basilisks
  2 neqoxecs (Abyss:2)
  4 vampire mosquitoes (D:11)
  A chaos spawn (Abyss:2)
  14 redbacks
  3 wargs (Orc:2)
  A harpy simulacrum (Abyss:2)
  An acid dragon (D:12)
  A spectral cane toad (Lair:1)
  8 water moccasins
  A hydra simulacrum (Lair:1)
  4 sky beasts (D:8)
  46 orc warriors
  Pargi (Sewer)
  2 ice beasts (D:5)
  5 black bears
  5 ogres
  A black mamba simulacrum (Lair:1)
  3 wolves (Lair:3)
  23 centaurs
  2 kobold brigands
  9 bullfrogs
  4 scorpions
  2 small abominations
  7 wights
  3 killer bees (D:10)
  The ghost of Darkkill the Shooter, a weakling MiHu (D:4)
  5 electric eels
  3 howler monkeys (D:12)
  5 quasits
  3 hounds
  15 orc priests
  2 gnoll boudas
  An iron imp (Abyss:2)
  5 iguanas
  24 orc wizards
  10 gnolls
  6 adders
  A shadow imp (D:5)
  A white imp (D:7)
  4 worms
  5 dart slugs
  120 orcs
  6 bats
  8 endoplasms
  3 giant cockroaches
  14 goblins
  9 hobgoblins
  9 kobolds
  5 quokkas
  4 ball pythons
  4 frilled lizards (D:2)
  2 goblin skeletons (D:5)
  A hobgoblin zombie (D:5)
  2 kobold skeletons (D:5)
  5 kobold zombies (D:5)
  An orc zombie (D:5)
  9 rats
  A butterfly (Lair:2)
690 creatures vanquished.

Vanquished Creatures (others)
  A water elemental (Abyss:2)
  3 demonic plants (D:2)
  14 fungi
  33 plants
  2 starspawn tentacles (Abyss:2)
  A withered plant (D:2)
54 creatures vanquished.

Grand Total: 744 creatures vanquished

Notes
Turn   | Place    | Note
-------+----------+-------------------------------------------
     0 | D:1      | avis the Demigod Ice Elementalist began the quest for the
                  | Orb.
     0 | D:1      | Reached XP level 1. HP: 14/14 MP: 5/5
   491 | D:1      | Reached XP level 2. HP: 20/20 MP: 5/7
   742 | D:1      | Reached skill level 1 in Fighting
  1077 | D:2      | Reached skill level 1 in Ranged Weapons
  1077 | D:2      | Reached XP level 3. HP: 27/28 MP: 5/8
  1083 | D:2      | Learned a level 3 spell: Frozen Ramparts
  1235 | D:2      | Found The Oracle's Delphic Readings.
  1474 | D:2      | Learned a level 3 spell: Ozocubu's Armour
  1720 | D:2      | Reached XP level 4. HP: 35/35 MP: 10/10
  2400 | D:2      | Bought a scroll of identify for 24 gold pieces
  2400 | D:2      | Bought a scroll of magic mapping for 90 gold pieces
  2400 | D:2      | Bought a scroll of teleportation for 36 gold pieces
  2576 | D:3      | Reached skill level 5 in Ice Magic
  2601 | D:3      | Found a glowing drain.
  2615 | Sewer    | Entered a sewer
  2851 | Sewer    | Reached XP level 5. HP: 40/40 MP: 1/12
  3050 | Sewer    | Noticed Pargi
  3064 | Sewer    | Killed Pargi
  3362 | D:3      | Reached XP level 6. HP: 44/47 MP: 6/13
  4036 | D:4      | Reached skill level 2 in Ranged Weapons
  4341 | D:4      | Reached skill level 3 in Ranged Weapons
  4341 | D:4      | Found a runed translucent door.
  4341 | D:4      | Noticed Darkkill's ghost (weakling MiHu)
  4935 | D:4      | Killed Darkkill's ghost
  5060 | D:5      | Entered Level 5 of the Dungeon
  5207 | D:5      | Reached skill level 4 in Ranged Weapons
  5207 | D:5      | Reached XP level 7. HP: 52/52 MP: 14/14
  5463 | D:5      | Reached skill level 5 in Ranged Weapons
  5650 | D:5      | Reached skill level 6 in Ranged Weapons
  5848 | D:5      | Reached XP level 8. HP: 63/63 MP: 8/15
  6091 | D:5      | Found a transporter.
  6091 | D:5      | Noticed hgbash's ghost (novice DEIE)
  6124 | D:5      | Found a transporter.
  6735 | D:5      | Killed hgbash's ghost
  6736 | D:5      | Reached skill level 7 in Ranged Weapons
  7141 | D:6      | Reached skill level 8 in Ranged Weapons
  7345 | D:6      | Found a staircase to the Ecumenical Temple.
  8258 | D:6      | Reached XP level 9. HP: 43/69 MP: 10/16
  8293 | D:7      | Found Pikym's Magic Scroll Boutique.
  8344 | D:7      | Found a flagged portal.
  8349 | D:7      | Found Peefoy's Jewellery Shop.
  8362 | D:7      | Found Vesiut's General Store.
  8364 | Bailey   | Entered a bailey
  8568 | Bailey   | Reached skill level 9 in Ranged Weapons
  8717 | Bailey   | Noticed an orc knight
  8741 | Bailey   | Killed an orc knight
  8742 | Bailey   | Reached skill level 10 in Ranged Weapons
  8834 | D:7      | Bought a scroll of identify for 24 gold pieces
  8834 | D:7      | Bought 2 throwing nets for 72 gold pieces
  8875 | Temple   | Entered the Ecumenical Temple
  8900 | Temple   | Reached skill level 13 in Ranged Weapons
  8900 | Temple   | Reached XP level 10. HP: 78/78 MP: 17/17
  8927 | D:7      | Bought a scroll of identify for 30 gold pieces
  8927 | D:7      | Bought a scroll of identify for 30 gold pieces
  8927 | D:7      | Bought a scroll of identify for 30 gold pieces
  8927 | D:7      | Bought a scroll of identify for 30 gold pieces
  8927 | D:7      | Bought a scroll of magic mapping for 112 gold pieces
  8941 | D:7      | Found Zesaops's Armour Emporium.
  9041 | D:7      | Found Guckof's Armour Shoppe.
  9135 | D:7      | Identified the ring "Fuepyre" {rF+ rN+}
  9143 | D:7      | Found a transporter.
  9198 | D:7      | Found a transporter.
  9198 | D:7      | Noticed octoduck's ghost (novice MfMo)
  9231 | D:7      | Found a one-way gate to the infinite horrors of the Abyss.
  9260 | D:7      | Found Miul's Assorted Antiques.
  9268 | D:7      | Bought a scroll of identify for 52 gold pieces
  9614 | D:8      | Noticed Psyche
  9627 | D:8      | Killed Psyche
  9957 | D:8      | Found a staircase to the Lair.
  9957 | D:8      | Noticed an elephant
  9976 | D:8      | Killed an elephant
  9977 | D:8      | Reached XP level 11. HP: 65/84 MP: 8/20
 10205 | D:8      | Noticed Joseph
 10252 | D:8      | Killed Joseph
 10376 | D:8      | You fall into a shaft and drop 3 floors!
 10802 | D:10     | Entered Level 10 of the Dungeon
 10925 | D:10     | Reached skill level 5 in Fighting
 11972 | D:8      | Reached skill level 14 in Ranged Weapons
 12154 | Lair:1   | Entered Level 1 of the Lair of Beasts
 12286 | Lair:1   | Found a runed translucent gate.
 12286 | Lair:1   | Found a runed translucent gate.
 12286 | Lair:1   | Found a runed translucent gate.
 12287 | Lair:1   | Noticed Tuexibol's ghost (journeyman TrFi)
 13693 | D:9      | Noticed Pikel
 13698 | D:9      | Killed Pikel
 13699 | D:9      | Reached skill level 15 in Ranged Weapons
 13701 | D:9      | Noticed Erica
 13709 | D:9      | Killed Erica
 13710 | D:9      | Reached XP level 12. HP: 55/94 MP: 13/21
 13929 | D:9      | Found Gefid's Assorted Antiques.
 15410 | D:11     | Identified the +6 flail of Imminent Death {elec, rN+ MP+9
                  | Str+3}
 15451 | D:11     | Reached skill level 16 in Ranged Weapons
 16501 | D:11     | Reached skill level 5 in Dodging
 16813 | D:12     | Reached skill level 5 in Stealth
 16972 | D:12     | Found a staircase to the Orcish Mines.
 18600 | Lair:2   | Found a hole to the Spider Nest.
 18642 | Lair:2   | Noticed a boulder beetle
 18660 | Lair:2   | Killed a boulder beetle
 19262 | Lair:2   | Reached skill level 17 in Ranged Weapons
 20034 | Lair:3   | Reached XP level 13. HP: 102/102 MP: 15/22
 20642 | Lair:3   | Reached skill level 18 in Ranged Weapons
 20644 | Lair:3   | Reached skill level 1 in Armour
 21123 | Lair:3   | Found a staircase to the Shoals.
 22543 | Lair:4   | Reached skill level 5 in Armour
 22999 | Lair:4   | Found a staircase to the Slime Pits.
 23597 | Lair:5   | Entered Level 5 of the Lair of Beasts
 23679 | Lair:5   | Found a runed translucent door.
 23885 | Lair:5   | Reached skill level 1 in Long Blades
 24577 | Lair:5   | Reached skill level 5 in Long Blades
 24679 | Lair:5   | Reached XP level 14. HP: 110/110 MP: 18/24
 25225 | Lair:5   | Noticed fozzywoppz's ghost (journeyman GrFi)
 25266 | Lair:5   | Killed fozzywoppz's ghost
 25629 | Orc:1    | Entered Level 1 of the Orcish Mines
 25629 | Orc:1    | Found Xiegosih's Assorted Antiques.
 25629 | Orc:1    | Found Boxucy's Assorted Antiques.
 25644 | Orc:1    | Bought a distressingly furry hat for 270 gold pieces
 25644 | Orc:1    | Identified the +1 hat of Broken Taboos {rElec rF+ Int-2}
                  | (You bought it in a shop on level 1 of the Orcish Mines)
 25864 | Orc:1    | Found Rochuonk's Book Boutique.
 25875 | Orc:1    | Learned a level 2 spell: Blink
 26083 | Orc:2    | Entered Level 2 of the Orcish Mines
 26304 | Orc:2    | Found Xuot Goddu's General Store.
 26326 | Orc:1    | Found Bixag's Antique Armour Boutique.
 26455 | Orc:1    | Bought a jewelled helmet for 285 gold pieces
 26455 | Orc:1    | Identified the +1 helmet of Rarir {Str+2} (You bought it in
                  | a shop on level 1 of the Orcish Mines)
 26490 | Orc:1    | Found Acviczae's Assorted Antiques.
 26728 | Orc:2    | Found a staircase to the Elven Halls.
 26868 | Orc:2    | Found Ikor's General Store.
 26868 | Orc:2    | Found Iclivuch's Weapon Emporium.
 27166 | Orc:2    | Found Enutuekk's Armour Boutique.
 27181 | Orc:2    | Found Dukedd's Distillery.
 27802 | Orc:1    | Bought a grey potion for 26 gold pieces
 27825 | Orc:2    | Bought a potion of curing for 30 gold pieces
 27825 | Orc:2    | Bought a potion of curing for 30 gold pieces
 27825 | Orc:2    | Bought a potion of curing for 30 gold pieces
 27825 | Orc:2    | Bought a potion of curing for 30 gold pieces
 27825 | Orc:2    | Bought a potion of magic for 80 gold pieces
 27825 | Orc:2    | Bought a potion of might for 40 gold pieces
 28149 | D:2      | Bought a scroll of teleportation for 36 gold pieces
 28149 | D:2      | Bought a scroll of magic mapping for 90 gold pieces
 28149 | D:2      | Bought a scroll of enchant weapon for 90 gold pieces
 28149 | D:2      | Bought a scroll of amnesia for 48 gold pieces
 28392 | Orc:1    | Bought a twitching bronze ring for 150 gold pieces
 28392 | Orc:1    | Identified the ring of Suicidal Tendencies {Str+4 Int+6
                  | Dex+6} (You bought it in a shop on level 1 of the Orcish
                  | Mines)
 28559 | D:7      | Bought the ring of Qeshaj {rPois rC+ rN+ Will- SInv} for
                  | 420 gold pieces
 28659 | Spider:1 | Entered Level 1 of the Spider Nest
 29329 | D:7      | Killed octoduck's ghost
 29502 | D:7      | Bought a pair of glowing boots for 195 gold pieces
 29624 | Lair:1   | Killed Tuexibol's ghost
 30432 | D:13     | Noticed Erolcha
 30437 | Abyss:2  | Cast into level 2 of the Abyss (Erolcha)
 30560 | Abyss:2  | Gained mutation: You are weak. (Str -2) [a neqoxec]
 30561 | Abyss:2  | Gained mutation: You are occasionally teleported next to
                  | monsters. [a neqoxec]
 30694 | Abyss:2  | Reached skill level 10 in Long Blades
 30770 | Abyss:2  | Noticed a black draconian knight
 30779 | Abyss:2  | Killed a black draconian knight
 30780 | Abyss:2  | Reached XP level 15. HP: 102/121 MP: 22/25
 30809 | Abyss:2  | Noticed a tentacled starspawn
 30823 | Abyss:2  | Paralysed by accursed screaming for 1 turns
 30824 | Abyss:2  | Killed a tentacled starspawn
 30833 | Abyss:2  | HP: 2/121 [sixfirhy (11)]
 30834 | Abyss:2  | Mangled by a sixfirhy

Illustrated notes

Levels and vault maps discovered:
D:1:      minmay_arrival_doors, layout_basic
D:2:      layout_basic, basic_altar, shapermc_ecumenical_altar_gd,
          nicolae_nh_oracle_at_delphi
D:3:      layout_loops_ring, nicolae_dithmenos_through_a_glass_darkly,
          cheibrodos_sewer_entry_sluice
D:4:      layout_cave_pods, grunt_temple_overflow_open,
          hellmonk_ghost_happy_afterlife, kennysheep_flooded_box
D:5:      layout_cave_pods, nicolae_tso_besieged_by_evil,
          gammafunk_ghost_stat_death, grunt_decor_cap
D:6:      layout_basic, nicolae_elyvilon_temple_path,
          mainiacjoe_overflow_alcove_1, mainiacjoe_overflow_catwalk_spiral,
          minmay_temple_entry_sparse_star
D:7:      layout_cave_pools, gammafunk_ghost_abyssal_escape, serial_shops,
          shop_statue, shop, shop, shop, nicolae_shop_advertising_works
          [nicolae_subvault_shop_adworks], enter_bailey_5,
          amcnicky_mini_corridor_feature, nicolae_stop_n_shop_2
D:8:      minmay_chambers_of_fours, layout_cave_pods, david_lair_generic,
          minmay_misc_feat_hallway, uniq_joseph, uniq_psyche
D:9:      layout_roguey, serial_shops, kennysheep_mini, uniq_erica, uniq_pikel
D:10:     layout_loops_ring, hellmonk_okawaru_the_only_friend_you_need,
          st_stairs_11, minmay_misc_feat_alley
D:11:     layout_basic
D:12:     layout_gridville, erik_orc_2, kennysheep_slug_shrine
D:13:     layout_gridville, the_hattery, uniq_erolcha
Temple:   hellmonk_temple_two_chambers
Lair:1:   layout_chaotic_city, gammafunk_ghost_necromancy, grunt_megastairs_5
Lair:2:   layout_regular_city, nicolae_spider_entry_lesser_pyramids,
          chequers_serial_rivers_micro_d, lemuel_fruit_fields
Lair:3:   layout_chaotic_city, minmay_shoals_entry_hut, basic_altar,
          nzn_random_ring
Lair:4:   layout_hall_layers, slime_entry_1, dreamdust_gnoll_shepherd
Lair:5:   evilmike_catoblepas_cave, layout_cave_shapes,
          ebering_ghost_reflecting_pool, serial_bayou_shore_a
Spider:1: layout_spider_delve, drop_trap
Orc:1:    layout_caves, serial_shops, shop_statue, nicolae_shop_hallway_stairs,
          shop, shop_fountains, nicolae_square_shop
Orc:2:    st_orc_town, layout_caves, serial_shops, nicolae_shop_crystal,
          basic_altar
Abyss:2:  base: D:10, hangedman_abyss_river_spirits,
          eino_small_chamber_without_monster

Skill      XL: |  1  2  3  4  5  6  7  8  9 10 11 12 13 14 |
---------------+-------------------------------------------+-----
Ice Magic      | 4 5 6 7 8 |  8.0
Spellcasting   | 2 3 4 |  4.0
Stealth        | 2 3 4 5 6 7 |  7.0
Fighting       | 1 3 4 5 6 8 |  8.0
Ranged Weapons | 1 4 6 8 13 15 17 18 | 18.0
Dodging        | 2 3 4 5 6 7 |  7.9
Armour         | 5 |  5.0
Long Blades    | 5 10 | 10.0

Action                     |  1- 3 |  4- 6 |  7- 9 | 10-12 | 13-15 || total
---------------------------+-------+-------+-------+-------+-------++-------
  Melee: Dagger            |     1 |       |       |       |       ||     1
         Scimitar          |       |       |       |       |    60 ||    60
   Fire: Sling             |    70 |    51 |       |       |       ||   121
         Arbalest          |       |    61 |   210 |   305 |       ||   576
         Shortbow          |       |       |       |   198 |   839 ||  1037
   Cast: Freeze            |    40 |    14 |     2 |       |       ||    56
         Frozen Ramparts   |     1 |    14 |    31 |    64 |    78 ||   188
         Ozocubu's Armour  |       |    11 |    22 |    59 |   102 ||   194
    Use: Scroll            |       |    10 |     5 |     7 |     9 ||    31
         Potion            |       |       |     4 |     1 |    16 ||    21
   Stab: Sleeping          |     1 |       |       |       |       ||     1
         Confused          |       |       |       |       |     1 ||     1
 Armour: Robe              |     4 |    24 |       |       |       ||    28
         Troll leather arm |       |     4 |   149 |   111 |   205 ||   469
  Dodge: Dodged            |     9 |    55 |   191 |   180 |   546 ||   981
  Block: Other             |       |       |       |    35 |   141 ||   176
         Reflection        |       |       |       |     4 |     7 ||    11

Table legend: (Time is in decaauts)
 A = Elapsed time spent in this place.
 B = Non-inter-level travel time spent in this place.
 C = Inter-level travel time spent in this place.
 D = Time resting spent in this place.
 E = Time spent auto-exploring this place.
 F = Levels seen in this place.
 G = Mean time per level.
                   A        B        C        D        E       F      G
               +--------+--------+--------+--------+--------+-----+--------+
         Total |  31193 |  25988 |   5205 |   7452 |  10505 |  25 | 1247.7 |
       Dungeon |  18727 |  15072 |   3655 |   3858 |   6895 |  13 | 1440.5 |
        Temple |     43 |     39 |      4 |      0 |      0 |   1 |   43.0 |
          Lair |   8765 |   7440 |   1325 |   2279 |   3328 |   5 | 1753.0 |
   Spider Nest |    361 |    361 |      0 |    144 |      0 |   1 |  361.0 |
  Orcish Mines |   1834 |   1614 |    220 |    323 |    235 |   2 |  917.0 |
         Abyss |    398 |    398 |      0 |    200 |     45 |   1 |  398.0 |
         Sewer |    596 |    596 |      0 |    420 |      0 |   1 |  596.0 |
        Bailey |    466 |    466 |      0 |    228 |      0 |   1 |  466.0 |
               +--------+--------+--------+--------+--------+-----+--------+

Top non-repeatable levels by time:
  Lair:3: 2393 daAuts
     D:8: 2245 daAuts
    D:11: 2071 daAuts
    D:12: 1973 daAuts
     D:5: 1968 daAuts
  Lair:2: 1768 daAuts
  Lair:5: 1671 daAuts
     D:2: 1670 daAuts
  Lair:1: 1604 daAuts
     D:6: 1468 daAuts
    D:10: 1405 daAuts
  Lair:4: 1327 daAuts
     D:4: 1261 daAuts
   Orc:2: 1216 daAuts
     D:9: 1207 daAuts
